 Dungeon Crawl Stone Soup version 0.20.0-15-g7f486f2 (webtiles) character file.

3775 Gargoyl the Cleaver (level 9, 0/84 HPs)
             Began as a Grey Draconian Abyssal Knight on June 20, 2017.
             Was a Priest of Lugonu.
             Slain by a warg (13 damage)
             ... on level 8 of the Dungeon.
             The game lasted 00:17:34 (10013 turns).

Gargoyl the Cleaver (DrAK)                         Turns: 10013, Time: 00:17:35

Health: 0/84       AC: 16    Str: 16    XL:     9   Next: 95%
Magic:  12/12      EV: 16    Int: 13    God:    Lugonu [***...]
Gold:   416        SH:  2    Dex: 12    Spells: 8/8 levels left

rFire    . . .     SeeInvis .   a - +2 hand axe
rCold    + . .     Gourm    .   (no shield)
rNeg     . . .     Faith    .   (armour unavailable)
rPois    .         Spirit   .   (helmet restricted)
rElec    .         Reflect  +   e - +1 cloak
rCorr    .         Harm     .   c - +0 pair of gloves
MR       .....                  i - +0 pair of boots
Stlth    +.........             n - +2 amulet of reflection
Regen    0.3/turn               B - ring of protection from cold
MPRegen  0.2/turn               (no ring)

@: very slow
A: walk through water, unfitting armour, antennae 1, low mp 1, robust 1, wild
magic 1, unbreathing, cold-blooded, AC +12
a: Depart the Abyss, Bend Space, Banish, Renounce Religion


You were on level 8 of the Dungeon.
You worshipped Lugonu.
Lugonu was most pleased with you.
You were hungry.

You visited 1 branch of the dungeon, and saw 8 of its levels.
You visited the Abyss 1 time.
You also visited: Sewer.

You collected 416 gold pieces.

Inventory:

Hand Weapons
 a - a +2 hand axe (weapon)
Missiles
 g - 7 javelins (quivered)
Armour
 c - a +0 pair of gloves (worn)
 e - a +1 cloak (worn)
 i - a +0 pair of boots (worn)
Jewellery
 n - a +2 amulet of reflection (around neck)
 r - an uncursed ring of ice
 B - a ring of protection from cold (left hand)
Wands
 v - a wand of polymorph (8/24)
 y - a wand of disintegration (7/24)
Scrolls
 d - 2 scrolls of magic mapping
 f - 7 scrolls of remove curse
 h - a scroll of amnesia
 o - 2 scrolls of fear
 q - a scroll of blinking
 t - 2 scrolls of identify
 u - 3 scrolls of teleportation
Potions
 k - 3 potions of flight
 l - a potion of haste {unknown}
 s - 3 potions of heal wounds
 w - 2 potions of curing
 z - a potion of cancellation {unknown}
 A - a potion of degeneration {unknown}
 C - a potion of ambrosia
Books
 m - a book of Ice

   Spells                             Type                      Level
   a - Ice Form                       Ice/Transmutation            4
   b - Metabolic Englaciation         Hexes/Ice                    5
   c - Ozocubu's Refrigeration        Ice                          6
   d - Bolt of Cold                   Conjuration/Ice              6
   e - Freezing Cloud                 Conjuration/Ice/Air          6
   f - Simulacrum                     Ice/Necromancy               6
 p - a book of Changes

   Spells                             Type                      Level
   a - Beastly Appendage              Transmutation                1
   b - Sticks to Snakes               Transmutation                2
   c - Spider Form                    Transmutation/Poison         3
   d - Ice Form                       Ice/Transmutation            4
   e - Blade Hands                    Transmutation                5
 x - the Handbook of Glory
   (You found it on level 6 of the Dungeon)

   Spells                             Type                      Level
   a - Sticks to Snakes               Transmutation                2
   b - Freezing Cloud                 Conjuration/Ice/Air          6
   c - Simulacrum                     Ice/Necromancy               6
   d - Statue Form                    Transmutation/Earth          6
Comestibles
 b - 8 bread rations
 j - 6 royal jellies
 D - a meat ration


   Skills:
 + Level 6.3 Fighting
 + Level 8.8 Axes
 + Level 1.0 Throwing
 * Level 7.8 Dodging
 * Level 6.9 Invocations


You had 8 spell levels left.
You didn't know any spells.

Dungeon Overview and Level Annotations

Branches:
Dungeon (8/15)             Temple (0/1) D:6
   Lair: D:8-11

Altars:
Trog

Shops:
D:5 }[


Innate Abilities, Weirdness & Mutations

You can walk through water.
Your dull iron-grey scales are very hard. (AC +12)
You cannot fit into any form of body armour.
You can survive without breathing.
You are cold-blooded and may be slowed by cold attacks.
You have a pair of small antennae on your head.
Your magical capacity is low. (-10% MP)
You are robust. (+10% HP)
Your spells are a little harder to cast, but a little more powerful.


Message History

The warg closely misses you. The warg completely misses you.
The warg closely misses you. x2
The warg barely misses you. The warg bites you! The warg closely misses you.
The warg barely misses you. x2
The warg barely misses you.
You sink to the bottom.
The warg barely misses you. x2
The warg stops to sniff the water.
The warg barely misses you. The warg closely misses you. The warg bites you.
The warg bites you but does no damage. You block the warg's attack.
The warg bites you. The warg bites you!
* * * LOW HITPOINT WARNING * * *
The warg barely misses you. The warg misses you.
You sink to the bottom.
The warg closely misses you.
The warg stops to sniff the water.
The warg bites you!
* * * LOW HITPOINT WARNING * * *
You sink to the bottom.
The warg bites you!
You die...

#.≈≈≈....#
#.≈≈≈..P.#
#.≈≈≈....#
#.≈≈≈....#
#.≈≈≈....#
#.h≈≈....#
#h≈≈≈....#
#.h≈≈....#
###@≈P...# #
#≈≈....# #o
#≈≈....#
#####≈≈....#
≈≈≈≈≈≈≈....#
≈≈≈≈≈≈≈....#
.....P.....#
.#######.###
# #.# ## .#
.


You could see 3 wargs.

Vanquished Creatures
  A two-headed ogre (D:8)
  The ghost of dion0 the Covert, a novice OpAs (D:5)
  A water moccasin (D:7)
  An orc warrior (D:7)
  4 ogres
  2 centaurs
  4 big kobolds (Sewer)
  A bullfrog (D:7)
  A wyvern skeleton (D:7)
  3 scorpions
  3 killer bees (D:8)
  3 wights (D:6)
  2 howler monkeys
  A crimson imp (D:4)
  2 orc priests
  2 hounds (D:7)
  A centaur skeleton (D:4)
  A gnoll shaman (D:6)
  Natasha (D:2)
  2 iguanas
  5 orc wizards
  7 worker ants
  6 gnolls
  10 adders
  A river rat (Sewer)
  A shadow imp (D:6)
  5 oozes
  An adder zombie (D:7)
  An adder skeleton (D:6)
  11 worms
  3 dart slugs
  6 leopard geckos
  31 orcs
  3 giant cockroaches
  11 hobgoblins
  3 jackals (D:7)
  8 quokkas
  3 ball pythons (Sewer)
  9 bats
  5 frilled lizards
  9 goblins
  A jackal skeleton (D:4)
  17 kobolds
  A leopard gecko zombie (D:7)
  11 rats
206 creatures vanquished.

Vanquished Creatures (others)
  The ghost of Gargoyl the Chopper, an amateur DrAK of Lugonu (D:4)
1 creature vanquished.

Grand Total: 207 creatures vanquished

Notes
Turn   | Place    | Note
-------+----------+-------------------------------------------
     0 | Abyss:1  | Gargoyl the Draconian Abyssal Knight began the quest for the Orb.
     0 | Abyss:1  | Reached XP level 1. HP: 19/19 MP: 2/2
    82 | Abyss:2  | Noticed a glowing orange brain
    94 | Abyss:2  | Noticed a starcursed mass
    94 | D:1      | Escaped the Abyss
   229 | D:1      | Reached XP level 2. HP: 24/26 MP: 3/3
   494 | D:1      | Reached * piety under Lugonu
   954 | D:2      | Reached XP level 3. HP: 31/31 MP: 4/4
  1514 | D:2      | Reached XP level 4. HP: 27/40 MP: 5/5
  1670 | D:2      | Noticed Natasha
  1679 | D:2      | Killed Natasha
  1679 | D:2      | Reached skill level 3 in Axes
  2166 | D:3      | Reached XP level 5. HP: 46/46 MP: 7/7
  2264 | D:3      | Reached ** piety under Lugonu
  2321 | D:3      | Found a glowing drain.
  2329 | Sewer    | Entered a sewer
  2890 | Sewer    | Reached skill level 4 in Axes
  2896 | Sewer    | Reached XP level 6. HP: 37/52 MP: 8/8
  3453 | Sewer    | Your scales start taking on a dull iron-grey colour.
  3453 | Sewer    | Reached XP level 7. HP: 52/60 MP: 9/9
  3453 | Sewer    | Gained mutation: You can survive without breathing. [Grey Draconian growth]
  4216 | D:4      | Reached skill level 5 in Axes
  4400 | D:4      | Reached *** piety under Lugonu
  4602 | D:4      | Noticed Gargoyl's ghost (amateur DrAK)
  4830 | D:4      | HP: 3/60 [Gargoyl's ghost (10)]
  4850 | D:4      | Banished Gargoyl's ghost
  4850 | D:4      | Reached skill level 6 in Axes
  4850 | D:4      | Reached skill level 5 in Dodging
  4850 | D:4      | Reached XP level 8. HP: 14/67 MP: 11/11
  6123 | D:5      | Entered Level 5 of the Dungeon
  6191 | D:5      | Noticed dion0's ghost (novice OpAs)
  6201 | D:5      | Gained mutation: You are robust. (+10% HP) [potion of mutation]
  6201 | D:5      | Gained mutation: You have a pair of small antennae on your head. [potion of mutation]
  6201 | D:5      | Gained mutation: Your magical capacity is low. (-10% MP) [potion of mutation]
  6201 | D:5      | Gained mutation: Your spells are a little harder to cast, but a little more powerful. [potion of mutation]
  6226 | D:5      | Killed dion0's ghost
  6226 | D:5      | Reached skill level 5 in Fighting
  6226 | D:5      | Reached skill level 7 in Axes
  6226 | D:5      | Reached skill level 5 in Invocations
  6531 | D:5      | Found Xixuol's Gadget Shoppe.
  6601 | D:5      | Found Neutixae's Armour Shoppe.
  7047 | D:5      | Reached XP level 9. HP: 45/81 MP: 11/11
  7341 | D:6      | Found a bloodstained altar of Trog.
  7417 | D:6      | Found a staircase to the Ecumenical Temple.
  7902 | D:6      | Reached skill level 1 in Throwing
  8309 | D:6      | Identified the Handbook of Glory
  8706 | D:7      | HP: 4/82 [orc warrior/flail (17)]
  8730 | D:7      | Reached skill level 8 in Axes
  9435 | D:7      | Reached **** piety under Lugonu
  9574 | D:8      | Noticed a two-headed ogre
  9590 | D:8      | Killed a two-headed ogre
 10013 | D:8      | Slain by a warg

Skill      XL: |  1  2  3  4  5  6  7  8  9 |
---------------+----------------------------+-----
Dodging        | 3 4 5 6 7 |  7.8
Axes           | 3 4 6 7 8 |  8.8
Fighting       | 4 5 6 |  6.3
Invocations    | 3 4 5 6 |  6.9
Throwing       | 1 |  1.0

Action                   |  1- 3 |  4- 6 |  7- 9 || total
-------------------------+-------+-------+-------++-------
Melee: Hand axe          |   110 |   278 |   680 ||  1068
       Tailslap          |     9 |    23 |    83 ||   115
Throw: Javelin           |       |       |    14 ||    14
Invok: Depart the Abyss  |     1 |       |       ||     1
       Banish            |       |       |     2 ||     2
  Use: Scroll            |     3 |       |     9 ||    12
       Potion            |       |     2 |     8 ||    10
  Eat: Chunk             |     2 |     7 |    22 ||    31
Armor: Skin              |    46 |    85 |   264 ||   395
Dodge: Dodged            |    94 |   198 |   523 ||   815
Block: Other             |       |       |    47 ||    47
